NWL (28 & UNDER)
RED DEER WRANGLERS @ BISMARK BORDER GUARDS
05/27/2029
 
TOP OF THE 1ST
Red Deer Wranglers batting - Pitching for Bismark Border Guards : RHP Nick Clark
Pitching: RHP Nick Clark
Batting: LHB Francisco Blanco 0-0: Ball
1-0: Swinging Strike
1-1: Ball
2-1: Ball
3-1: Called Strike
3-2: Foul Ball, location: 2F
3-2: Fly out, F9 (Flyball, 89D)
Batting: SHB Robbie Rhodes 0-0: Ball
1-0: Foul Ball, location: 2F
1-1: Ball
2-1: Ground out 4-3 (Groundball, 4)
Batting: LHB Edgar López 0-0: Foul Ball, location: 2F
0-1: Foul Ball, location: 2F
0-2: Foul Ball, location: 2F
0-2: Ball
1-2: DOUBLE (Line Drive, 7LS)
Batting: RHB Xavier López 0-0: 2-RUN HOME RUN (Flyball, 78XD), Distance : 403 ft
Batting: RHB Pedro Cabrera 0-0: Ball
1-0: Ball
2-0: Ball
3-0: Base on Balls
Batting: RHB Joe Lewis 0-0: Ball
1-0: Foul Ball, location: 2F
1-1: Ball
2-1: Called Strike
2-2: Foul Ball, location: 2F
2-2: SINGLE (Line Drive, 4MD)
Pedro Cabrera to second
Batting: LHB Héctor Santos 0-0: Ball
1-0: Ball
2-0: Ball
3-0: Called Strike
3-1: Base on Balls
Pedro Cabrera to third
Joe Lewis to second
Batting: RHB Ismael Ortíz 0-0: Ball
1-0: Ball
2-0: Foul Ball, location: 2F
2-1: Swinging Strike
2-2: Ball
3-2: Foul Ball, location: 2F
3-2: Base on Balls
Pedro Cabrera scores
Joe Lewis to third
Héctor Santos to second
Batting: RHB Steve Burton 0-0: Ball
1-0: Swinging Strike
1-1: Called Strike
1-2: Ball
2-2: Strikes out looking
Top of the 1st over - 3 runs, 3 hits, 0 errors, 3 left on base; Red Deer 3 - Bismark 0
BOTTOM OF THE 1ST
Bismark Border Guards batting - Pitching for Red Deer Wranglers : RHP José Fernández
Pitching: RHP José Fernández
Batting: RHB Sergio Solíz 0-0: Ball
1-0: Ball
2-0: Ball
3-0: Foul Ball, location: 2F
3-1: Called Strike
3-2: Fly out, F7 (Flyball, 7S)
Batting: RHB Alfredo Farías 0-0: Ground out 6-3 (Groundball, 6M)
Batting: RHB Vincent Braun 0-0: Ball
1-0: Fly out, F9 (Flyball, 89M)
Bottom of the 1st over - 0 runs, 0 hits, 0 errors, 0 left on base; Red Deer 3 - Bismark 0
TOP OF THE 2ND
Red Deer Wranglers batting - Pitching for Bismark Border Guards : RHP Nick Clark
Batting: LHB Francisco Blanco 0-0: Ball
1-0: Called Strike
1-1: Called Strike
1-2: Fly out, F7 (Flyball, 7LM)
Batting: SHB Robbie Rhodes 0-0: Ball
1-0: Swinging Strike
1-1: Foul Ball, location: 2F
1-2: Fly out, F6 (Line Drive, 6)
Batting: LHB Edgar López 0-0: Ball
1-0: Ball
2-0: SINGLE (Groundball, 4MD)
Batting: RHB Xavier López 0-0: Ground out 4-3 (Groundball, 34)
Top of the 2nd over - 0 runs, 1 hit, 0 errors, 1 left on base; Red Deer 3 - Bismark 0
BOTTOM OF THE 2ND
Bismark Border Guards batting - Pitching for Red Deer Wranglers : RHP José Fernández
Batting: RHB Leonard Harris 0-0: Called Strike
0-1: Called Strike
0-2: Strikes out swinging
Batting: SHB Vicente Pagán 0-0: Called Strike
0-1: Ball
1-1: Swinging Strike
1-2: Fly out, F2 (Popup, 25F)
Batting: RHB Jackson Gibson 0-0: Ball
1-0: Called Strike
1-1: Ground out U3 (Groundball, 34)
Bottom of the 2nd over - 0 runs, 0 hits, 0 errors, 0 left on base; Red Deer 3 - Bismark 0
TOP OF THE 3RD
Red Deer Wranglers batting - Pitching for Bismark Border Guards : RHP Nick Clark
Batting: RHB Pedro Cabrera 0-0: Foul Ball, location: 2F
0-1: Ball
1-1: Swinging Strike
1-2: Ball
2-2: Fly out, F7 (Flyball, 7S)
Batting: RHB Joe Lewis 0-0: Ball
1-0: Foul Ball, location: 2F
1-1: Swinging Strike
1-2: Foul Ball, location: 2F
1-2: Strikes out swinging
Batting: LHB Héctor Santos 0-0: Swinging Strike
0-1: Ball
1-1: Foul Ball, location: 2F
1-2: Ball
2-2: SINGLE (Groundball, 34D)
Batting: RHB Ismael Ortíz 0-0: Ball
1-0: DOUBLE (Flyball, 8LXD)
Héctor Santos to third
Runner from 3rd tries for Home, SAFE, no throw
Batting: RHB Steve Burton 0-0: Ball
1-0: Called Strike
1-1: Foul Ball, location: 2F
1-2: Strikes out swinging
Top of the 3rd over - 1 run, 2 hits, 0 errors, 1 left on base; Red Deer 4 - Bismark 0
BOTTOM OF THE 3RD
Bismark Border Guards batting - Pitching for Red Deer Wranglers : RHP José Fernández
Batting: RHB Cipriano Baca 0-0: Ball
1-0: Ball
2-0: Swinging Strike
2-1: Ball
3-1: Called Strike
3-2: Strikes out looking
Batting: RHB Rodrigo García 0-0: SOLO HOME RUN (Flyball, 89D), Distance : 393 ft
Batting: RHB José Vidal 0-0: Called Strike
0-1: Ground out 6-3 (Groundball, 6)
Batting: RHB Sergio Solíz 0-0: Swinging Strike
0-1: Ball
1-1: Ball
2-1: DOUBLE (Line Drive, 89XD)
Batting: RHB Alfredo Farías 0-0: Foul Ball, location: 2F
0-1: Ball
1-1: Ground out 4-3 (Groundball, 4)
Bottom of the 3rd over - 1 run, 2 hits, 0 errors, 1 left on base; Red Deer 4 - Bismark 1
TOP OF THE 4TH
Red Deer Wranglers batting - Pitching for Bismark Border Guards : RHP Nick Clark
Batting: LHB Francisco Blanco 0-0: Called Strike
0-1: Ball
1-1: Foul Ball, location: 2F
1-2: Strikes out swinging
Batting: SHB Robbie Rhodes 0-0: Called Strike
0-1: SINGLE (Groundball, 4MD)
Pitching: RHP Sean Hart
Batting: LHB Edgar López 0-0: Called Strike
0-1: Ball
1-1: Ball
2-1: SINGLE (Line Drive, 56)
Robbie Rhodes to second
Batting: RHB Xavier López 0-0: Called Strike
0-1: Ball
1-1: Ball
2-1: Foul Ball, location: 2F
2-2: Grounds into double play, 6-4-3 (Groundball, 6)
Top of the 4th over - 0 runs, 2 hits, 0 errors, 1 left on base; Red Deer 4 - Bismark 1
BOTTOM OF THE 4TH
Bismark Border Guards batting - Pitching for Red Deer Wranglers : RHP José Fernández
Batting: RHB Vincent Braun 0-0: Ball
1-0: Ball
2-0: Called Strike
2-1: Ball
3-1: Base on Balls
Batting: RHB Leonard Harris 0-0: Called Strike
0-1: Ball
1-1: Swinging Strike
1-2: Strikes out swinging
Batting: SHB Vicente Pagán 0-0: Ball
1-0: Called Strike
1-1: Called Strike
1-2: Ground out U3 (Groundball, 34S)
Vincent Braun to second
Batting: RHB Jackson Gibson 0-0: Swinging Strike
0-1: Ball
1-1: Foul Ball, location: 2F
1-2: Fly out, F3 (Popup, 3SF)
Bottom of the 4th over - 0 runs, 0 hits, 0 errors, 1 left on base; Red Deer 4 - Bismark 1
TOP OF THE 5TH
Red Deer Wranglers batting - Pitching for Bismark Border Guards : RHP Sean Hart
Batting: RHB Pedro Cabrera 0-0: Fly out, F8 (Flyball, 8RS)
Batting: RHB Joe Lewis 0-0: Fly out, F9 (Flyball, 9S)
Batting: LHB Héctor Santos 0-0: Called Strike
0-1: SINGLE (Groundball, 25) (infield hit)
Batting: RHB Ismael Ortíz 0-0: Called Strike
0-1: Ball
1-1: Reached on error, E5 (Groundball, 56S)
Héctor Santos to third
Batting: RHB Steve Burton 0-0: Swinging Strike
0-1: Ball
1-1: Foul Ball, location: 2F
1-2: Foul Ball, location: 2F
1-2: Ball
2-2: Foul Ball, location: 2F
2-2: Strikes out swinging
Top of the 5th over - 0 runs, 1 hit, 1 error, 2 left on base; Red Deer 4 - Bismark 1
BOTTOM OF THE 5TH
Bismark Border Guards batting - Pitching for Red Deer Wranglers : RHP José Fernández
Batting: RHB Cipriano Baca 0-0: SINGLE (Line Drive, 4D)
Batting: RHB Rodrigo García 0-0: Ball
Pickoff Throw by Catcher to First - Error! E2
Cipriano Baca to second
1-0: Called Strike
1-1: DOUBLE (Line Drive, 8LXD)
Cipriano Baca scores
Pitching: RHP Dusty Smith
Batting: RHB José Vidal 0-0: Ball
1-0: Ball
2-0: Called Strike
2-1: Swinging Strike
2-2: Ball
3-2: Strikes out swinging
Batting: RHB Sergio Solíz 0-0: Called Strike
0-1: Ball
1-1: Ball
2-1: Foul Ball, location: 2F
2-2: Ground out 4-3 (Groundball, 34)
Rodrigo García to third
Batting: RHB Alfredo Farías 0-0: Called Strike
0-1: Foul Ball, location: 2F
0-2: Ball
1-2: Fly out, F9 (Line Drive, 9)
Bottom of the 5th over - 1 run, 2 hits, 1 error, 1 left on base; Red Deer 4 - Bismark 2
TOP OF THE 6TH
Red Deer Wranglers batting - Pitching for Bismark Border Guards : RHP Sean Hart
Batting: LHB Francisco Blanco 0-0: Called Strike
0-1: Foul Ball, location: 2F
0-2: Fly out, F7 (Flyball, 7D)
Batting: SHB Robbie Rhodes 0-0: Ball
1-0: Ground out 3-1 (Groundball, 34S)
Batting: LHB Edgar López 0-0: Fly out, F8 (Flyball, 89D)
Top of the 6th over - 0 runs, 0 hits, 0 errors, 0 left on base; Red Deer 4 - Bismark 2
BOTTOM OF THE 6TH
Bismark Border Guards batting - Pitching for Red Deer Wranglers : RHP Dusty Smith
Batting: RHB Vincent Braun 0-0: Called Strike
0-1: Ball
1-1: Fly out, F7 (Flyball, 7)
Batting: RHB Leonard Harris 0-0: Fly out, F9 (Flyball, 9LS)
Batting: SHB Vicente Pagán 0-0: Ground out U3 (Groundball, 3)
Bottom of the 6th over - 0 runs, 0 hits, 0 errors, 0 left on base; Red Deer 4 - Bismark 2
TOP OF THE 7TH
Red Deer Wranglers batting - Pitching for Bismark Border Guards : RHP Sean Hart
Batting: RHB Xavier López 0-0: Ball
1-0: Ball
2-0: Called Strike
2-1: Called Strike
2-2: Ball
3-2: Base on Balls
Batting: RHB Pedro Cabrera 0-0: Foul Ball, location: 2F
0-1: Ball
1-1: Ball
2-1: Foul Ball, location: 2F
2-2: Ball
3-2: Foul Ball, location: 2F
3-2: Foul Ball, location: 2F
3-2: Base on Balls
Xavier López to second
Batting: RHB Joe Lewis 0-0: Foul Ball, location: 2F
0-1: SINGLE (Groundball, 4D)
Xavier López to third
Pedro Cabrera to second
Runner from 3rd tries for Home, SAFE, no throw
Batting: LHB Héctor Santos 0-0: 3-RUN HOME RUN (Flyball, 9D), Distance : 389 ft
Pitching: RHP Steve Benson
Batting: RHB Ismael Ortíz 0-0: Foul Ball, location: 2F
0-1: Ball
1-1: Hit by Pitch
Batting: RHB Steve Burton 0-0: Ball
1-0: Called Strike
1-1: Foul Ball, location: 2F
1-2: Ball
2-2: Foul Ball, location: 2F
2-2: Ball
3-2: Base on Balls
Ismael Ortíz to second
Batting: LHB Francisco Blanco 0-0: SINGLE (Flyball, 89M)
Ismael Ortíz to third
Steve Burton to second
Batting: SHB Robbie Rhodes 0-0: Ball
1-0: Grounds into fielders choice 1-2 (Groundball, 15)
Steve Burton to third
Francisco Blanco to second
Batting: LHB Edgar López 0-0: Ball
1-0: Foul Ball, location: 2F
Balk!
Steve Burton scores
Francisco Blanco to third
Robbie Rhodes to second
1-1: Ball
2-1: SINGLE (Line Drive, 9S)
Francisco Blanco scores
Robbie Rhodes to third
Runner from 3rd tries for Home, SAFE, throw made home
Batting: RHB Xavier López 0-0: Called Strike
0-1: Ball
1-1: Ball
2-1: Ball
3-1: Base on Balls
Edgar López to second
Batting: RHB Pedro Cabrera 0-0: Foul Ball, location: 2F
0-1: Called Strike
0-2: Strikes out swinging
Batting: RHB Joe Lewis 0-0: Called Strike
0-1: Ball
1-1: Swinging Strike
1-2: Strikes out looking
Top of the 7th over - 7 runs, 4 hits, 0 errors, 2 left on base; Red Deer 11 - Bismark 2
BOTTOM OF THE 7TH
Bismark Border Guards batting - Pitching for Red Deer Wranglers : RHP Dusty Smith
Batting: RHB Jackson Gibson 0-0: Ball
1-0: Ball
2-0: Called Strike
2-1: Fly out, F9 (Flyball, 9S)
Batting: RHB Cipriano Baca 0-0: SOLO HOME RUN (Line Drive, 7LD), Distance : 371 ft
Batting: RHB Rodrigo García 0-0: Ball
1-0: Called Strike
1-1: Ground out 6-3 (Groundball, 6)
Batting: RHB José Vidal 0-0: Called Strike
0-1: Ball
1-1: Ball
2-1: Foul Ball, location: 2F
2-2: Foul Ball, location: 2F
2-2: Foul Ball, location: 2F
2-2: Ball
3-2: Fly out, F5 (Line Drive, 56)
Bottom of the 7th over - 1 run, 1 hit, 0 errors, 0 left on base; Red Deer 11 - Bismark 3
TOP OF THE 8TH
Red Deer Wranglers batting - Pitching for Bismark Border Guards : RHP Steve Benson
Batting: LHB Héctor Santos 0-0: Ball
1-0: Called Strike
1-1: SINGLE (Line Drive, 8RS)
Batting: RHB Ismael Ortíz 0-0: DOUBLE (Line Drive, 89D)
Héctor Santos to third
Batting: RHB Steve Burton 0-0: Ball
1-0: Called Strike
1-1: Ball
2-1: Ball
3-1: Foul Ball, location: 2F
3-2: Base on Balls
Batting: LHB Francisco Blanco 0-0: Called Strike
0-1: Ball
1-1: Ball
2-1: SINGLE (Groundball, 4D)
Héctor Santos scores
Ismael Ortíz to third
Steve Burton to second
Runner from 3rd tries for Home, SAFE, no throw
Batting: SHB Robbie Rhodes 0-0: Ball
1-0: Ball
2-0: Grounds into double play, 4-6-3 (Groundball, 4D)
Steve Burton to third
Pinch Hitting: RHB Ben Fisher 0-0: 2-RUN HOME RUN (Flyball, 7LD), Distance : 373 ft
Batting: RHB Xavier López 0-0: Ball
1-0: Ball
2-0: Foul Ball, location: 2F
2-1: Ball
3-1: Foul Ball, location: 2F
3-2: Base on Balls
Batting: RHB Pedro Cabrera 0-0: Ball
1-0: Ball
2-0: Ball
3-0: Called Strike
3-1: Base on Balls
Xavier López to second
Batting: RHB Joe Lewis 0-0: Called Strike
0-1: Foul Ball, location: 2F
0-2: SINGLE (Line Drive, 78S)
Xavier López to third
Pedro Cabrera to second
Batting: LHB Héctor Santos 0-0: Swinging Strike
0-1: Ball
1-1: Ball
2-1: SINGLE (Groundball, 6D)
Xavier López scores
Pedro Cabrera to third
Joe Lewis to second
Runner from 3rd tries for Home, SAFE, no throw
Batting: RHB Ismael Ortíz 0-0: Ball
1-0: Foul Ball, location: 2F
1-1: Ball
2-1: Ball
3-1: Called Strike
3-2: Base on Balls
Joe Lewis to third
Héctor Santos to second
Pitching: RHP Brandon Sweet
Batting: RHB Steve Burton 0-0: Swinging Strike
0-1: Ball
1-1: Swinging Strike
1-2: Foul Ball, location: 2F
1-2: Ball
2-2: Ball
3-2: Strikes out swinging
Top of the 8th over - 6 runs, 6 hits, 0 errors, 3 left on base; Red Deer 17 - Bismark 3
BOTTOM OF THE 8TH
Bismark Border Guards batting - Pitching for Red Deer Wranglers : RHP Dusty Smith
Pitching: RHP Jeffery Lockhart
Now at C: Ricardo González
Now at 2B: Ben Fisher
Batting: RHB Sergio Solíz 0-0: Ball
1-0: Foul Ball, location: 2F
1-1: Called Strike
1-2: Strikes out swinging
Batting: RHB Alfredo Farías 0-0: Ball
1-0: Ball
2-0: Ball
3-0: Called Strike
3-1: Base on Balls
Batting: RHB Vincent Braun 0-0: Ball
1-0: Ground out 6-3 (Groundball, 56D)
Alfredo Farías to second
Batting: RHB Leonard Harris 0-0: Ball
1-0: Ball
2-0: Foul Ball, location: 2F
2-1: Foul Ball, location: 2F
2-2: Ball
3-2: Fly out, F8 (Flyball, 8LXD)
Bottom of the 8th over - 0 runs, 0 hits, 0 errors, 1 left on base; Red Deer 17 - Bismark 3
TOP OF THE 9TH
Red Deer Wranglers batting - Pitching for Bismark Border Guards : RHP Brandon Sweet
Pitching: RHP César Rodríguez
Batting: LHB Francisco Blanco 0-0: Called Strike
0-1: Ball
1-1: Ball
2-1: Ball
3-1: Called Strike
3-2: Base on Balls
Batting: SHB Robbie Rhodes 0-0: Called Strike
0-1: Called Strike
0-2: Ball
1-2: Strikes out swinging
Batting: RHB Ben Fisher 0-0: Called Strike
0-1: Ball
1-1: DOUBLE (Line Drive, 8LD)
Francisco Blanco to third
Runner from 3rd tries for Home, SAFE, no throw
Pinch Hitting: RHB Julián García 0-0: Ball
1-0: Foul Ball, location: 2F
1-1: Ball
2-1: Ground out 5-3 (Groundball, 56)
Batting: RHB Pedro Cabrera 0-0: Ball
1-0: Called Strike
1-1: Ball
2-1: Foul Ball, location: 2F
2-2: Foul Ball, location: 2F
2-2: Ball
3-2: Foul Ball, location: 2F
3-2: Foul Ball, location: 2F
3-2: Strikes out swinging
Top of the 9th over - 1 run, 1 hit, 0 errors, 1 left on base; Red Deer 18 - Bismark 3
BOTTOM OF THE 9TH
Bismark Border Guards batting - Pitching for Red Deer Wranglers : RHP Jeffery Lockhart
Now in CF: Andrew Veeck
Batting: SHB Vicente Pagán 0-0: Ball
1-0: Ball
2-0: Ball
3-0: Base on Balls
Batting: RHB Jackson Gibson 0-0: Swinging Strike
0-1: Called Strike
0-2: Foul Ball, location: 2F
0-2: Strikes out swinging
Batting: RHB Cipriano Baca 0-0: Grounds into double play, 5-4-3 (Groundball, 5L)
Bottom of the 9th over - 0 runs, 0 hits, 0 errors, 0 left on base; Red Deer 18 - Bismark 3
Saturday, December 16th, 2017 - OOTP Baseball 18.8 Build 76